Map: Eastwatch LE

Players

JimRising - Winner!

  • Race: Zerg Zerg
  • League: Grandmaster
  • Spawn Location: 7:00

Kane

  • Race: Zerg Zerg
  • League: Grandmaster
  • Spawn Location: 1:00

VOD

Have the link to the VOD?

Description

Time

  • Played on: Feb. 7, 2018, 10:45 p.m.
  • Length: 16:06
Show
View Real Time Build Order
Export as new Build Order

JimRising Zerg - Winner!

Build Orders: Hatch First, Lurkers 

Get SALT Encoding   

  12  0:00  Drone  
  13  0:12  Overlord  
  13  0:17  Drone  
  14  0:30  Drone x2  
  14  0:35  Drone  
  17  0:58  Hatchery, Drone x2  
  18  1:06  Extractor  
  17  1:15  Spawning Pool  
  17  1:16  Drone  
  17  1:19  Drone  
  18  1:27  Drone  
  19  1:37  Overlord  
  19  1:50  Drone  
  20  1:59  Drone  
  21  2:01  Queen  
  21  2:05  Metabolic Boost  
  23  2:09  Queen  
  23  2:10  Drone  
  23  2:11  Drone  
  27  2:21  Drone x2  
  29  2:32  Zergling x4  
  31  2:39  Queen  
  33  2:45  Overlord  
  33  2:49  Drone  
  34  2:53  Drone  
  34  2:55  Baneling Nest  
  34  3:03  Drone x2  
  36  3:12  Drone x2  
  38  3:15  Hatchery, Drone  
  38  3:23  Drone  
  38  3:24  Drone x3  
  42  3:29  Zergling x4  
  43  3:35  Overlord  
  43  3:37  Overlord  
  43  3:47  Overlord  
  43  3:49  Zergling x2  
  43  3:50  Baneling x3  
  44  3:56  Roach Warren  
  44  4:00  Evolution Chamber  
  44  4:01  Drone x2  
  44  4:02  Drone  
  45  4:03  Baneling  
  45  4:07  Queen  
  45  4:08  Zergling x2  
  48  4:16  Zergling x8  
  48  4:17  Zergling x2  
  52  4:28  Zergling x4  
  52  4:29  Zergling x4  
  52  4:30  Baneling  
  54  4:37  Zergling x6  
  54  4:48  Zergling x6  
  54  4:49  Baneling x2  
  54  4:50  Roach  
  54  4:51  Roach x3  
  58  5:02  Drone x3  
  61  5:14  Zergling x8  
  63  5:22  Roach x2  
  63  5:23  Overlord x2  
  63  5:25  Overlord  
  63  5:27  Baneling  
  62  5:39  Zergling x6  
  62  5:40  Roach  
  62  5:42  Extractor  
  64  5:43  Extractor  
  64  5:45  Overlord  
  63  5:52  Drone x6  
  63  5:54  Lair  
  69  5:57  Zerg Missile Weapons Level 1  
  69  6:08  Zergling x12  
  69  6:09  Zergling x4  
  77  6:18  Queen, Roach x2  
  72  6:21  Drone x4  
  72  6:22  Drone x2  
  74  6:28  Drone x3  
  76  6:41  Drone x3  
  76  6:42  Drone x2  
  76  6:44  Queen  
  76  6:46  Drone x2  
  85  6:48  Extractor  
  84  6:57  Glial Reconstitution  
  84  6:58  Queen  
  85  7:01  Queen  
  85  7:03  Drone x4  
  85  7:05  Roach  
  85  7:08  Roach  
  95  7:10  Roach  
  97  7:18  Baneling x4  
  97  7:21  Drone  
  98  7:22  Overlord  
  98  7:23  Overlord  
  98  7:35  Overlord x2  
  98  7:36  Overlord  
  98  7:56  Zerg Missile Weapons Level 2  
  98  7:58  Hatchery, Drone  
  98  8:00  Evolution Chamber  
  98  8:01  Hatchery  
  95  8:09  Roach  
  95  8:10  Roach x8  
  113  8:19  Baneling x2  
  113  8:20  Baneling x2  
  113  8:22  Roach x2  
  114  8:34  Roach x6  
  115  8:44  Roach  
  115  8:45  Roach  
  118  8:49  Drone x2  
  118  8:50  Overlord x2, Drone  
  121  8:59  Hydralisk Den  
  121  9:01  Drone x2  
  122  9:14  Roach x2  
  122  9:15  Roach x2  
  122  9:16  Roach  
  122  9:17  Roach  
  122  9:19  Roach  
  122  9:21  Roach x2  
  122  9:22  Roach  
  114  9:24  Roach  
  114  9:27  Roach x2  
  118  9:35  Roach x2  
  122  9:41  Zerg Ground Armor Level 1  
  122  9:42  Drone  
  122  9:43  Extractor, Overlord  
  122  9:44  Extractor, Drone x3  
  124  9:46  Drone  
  124  9:47  Drone  
  124  9:48  Drone  
  124  9:50  Drone  
  128  9:56  Roach x3  
  134  10:00  Grooved Spines  
  134  10:01  Hydralisk  
  134  10:04  Drone  
  134  10:05  Drone x2  
  134  10:06  Extractor, Drone, Hydralisk  
  141  10:15  Roach x2  
  141  10:16  Roach x3  
  152  10:21  Drone x2  
  152  10:23  Extractor, Drone x3  
  155  10:37  Drone, Lurker Den  
  155  10:38  Drone x2, Hydralisk x3  
  155  10:39  Hydralisk x2  
  167  10:50  Overlord x4  
  167  11:08  Hydralisk x4  
  167  11:09  Hydralisk x6  
  187  11:15  Muscular Augments  
  187  11:32  Hydralisk  
  179  11:34  Roach x9  
  179  11:35  Roach x4  
  181  11:41  Pneumatized Carapace  
  181  11:43  Overseer  
  181  11:44  Overseer  
  163  11:53  Roach x3  
  165  11:58  Roach x3  
  169  12:01  Roach  
  169  12:02  Roach  
  169  12:04  Roach x2  
  177  12:13  Hatchery  
  177  12:14  Extractor  
  175  12:16  Extractor  
  175  12:17  Lurker x5  
  175  12:18  Lurker  
  175  12:19  Lurker  
  175  12:20  Drone x3  
  175  12:22  Drone x2  
  186  12:23  Drone  
  174  12:41  Roach x11  
  173  12:45  Roach  
  173  12:46  Roach x2  
  154  12:53  Roach x3  
  160  12:59  Hydralisk x4  
  160  13:02  Hydralisk  
  160  13:03  Hydralisk  
  161  13:12  Drone x2  
  161  13:13  Drone x2  
  161  13:17  Hydralisk x2  
  163  13:26  Hydralisk x2  
  167  13:33  Hydralisk x2  
  171  13:35  Lurker x2  
  173  13:52  Roach  
  169  14:09  Hydralisk  
  163  14:10  Drone x4  
  163  14:11  Drone x4  
  163  14:12  Drone x2  
  163  14:13  Overseer  
  163  14:16  Roach  
  183  14:17  Roach x5  
  183  14:22  Roach  
  183  14:23  Roach x2  
  146  14:45  Roach x7  
  131  15:13  Drone  
  126  15:14  Drone x8  
  104  15:33  Hydralisk  
Show
View Real Time Build Order
Export as new Build Order

Kane Zerg 

Build Orders: Hatch First 

Get SALT Encoding   

  12  0:00  Drone  
  13  0:12  Overlord  
  13  0:17  Drone  
  14  0:31  Drone x2  
  14  0:35  Drone  
  17  0:51  Hatchery  
  17  0:55  Drone  
  17  0:58  Drone  
  18  1:09  Extractor  
  17  1:12  Spawning Pool  
  17  1:16  Drone  
  17  1:20  Drone  
  18  1:31  Drone  
  19  1:39  Overlord  
  19  1:46  Evolution Chamber  
  18  1:50  Drone  
  19  1:58  Queen  
  19  2:01  Zergling x2  
  22  2:03  Queen  
  24  2:11  Zerg Melee Weapons Level 1  
  24  2:12  Drone  
  26  2:15  Drone  
  26  2:21  Drone  
  26  2:22  Drone  
  28  2:29  Drone  
  29  2:34  Drone  
  30  2:42  Drone  
  30  2:44  Overlord  
  31  2:46  Metabolic Boost  
  31  2:53  Drone  
  31  2:59  Overlord x2  
  31  3:07  Zergling x4  
  31  3:11  Drone x3  
  36  3:18  Overlord  
  36  3:23  Hatchery  
  36  3:26  Zergling x2  
  36  3:28  Zergling x4  
  38  3:35  Zergling x2  
  38  3:37  Zergling x2  
  40  3:42  Zergling x6  
  40  3:44  Zergling x6  
  46  3:50  Zergling x4  
  48  3:57  Zergling x2  
  48  4:02  Zergling x2  
  50  4:06  Zergling x2  
  51  4:10  Queen  
  51  4:12  Zergling x6  
  51  4:13  Zergling x2  
  51  4:16  Overlord  
  54  4:29  Zergling x4  
  54  4:30  Zergling x2  
  52  4:32  Zergling x4  
  52  4:37  Zergling x2  
  52  4:40  Zergling x2  
  52  4:41  Zergling x2  
  50  4:49  Zergling x6  
  50  4:51  Zergling x4  
  48  5:00  Zergling x4  
  48  5:01  Zergling x6  
  53  5:11  Zergling x4  
  53  5:17  Zergling x2  
  53  5:20  Zergling x4  
  54  5:22  Lair  
  54  5:26  Zergling x6  
  55  5:29  Zergling x4  
  55  5:30  Zergling x6  
  55  5:38  Zergling x2  
  55  5:41  Zergling x4  
  51  5:47  Roach Warren  
  51  5:48  Drone  
  51  5:52  Drone x5  
  51  5:53  Drone x2  
  51  5:55  Drone x3  
  51  5:56  Drone  
  61  6:08  Drone x3  
  63  6:18  Drone x3  
  61  6:23  Drone  
  56  6:25  Extractor  
  56  6:26  Drone x3, Glial Reconstitution  
  56  6:27  Extractor  
  56  6:30  Zerg Missile Weapons Level 1  
  56  6:31  Zergling x12  
  60  6:34  Zergling x6  
  63  6:48  Zergling x2  
  63  6:49  Zergling x4  
  66  6:58  Overlord x2  
  66  6:59  Overlord  
  66  7:07  Spine Crawler  
  65  7:21  Roach x4  
  65  7:22  Roach x4  
  80  7:25  Overlord x2  
  80  7:28  Extractor  
  79  7:30  Roach  
  79  7:31  Overlord  
  79  7:33  Overlord  
  81  7:41  Roach  
  77  7:47  Drone x3  
  77  7:48  Drone x5  
  81  7:54  Roach x2  
  87  7:58  Roach x3  
  87  8:05  Roach x3  
  96  8:14  Roach  
  98  8:21  Roach  
  98  8:22  Roach x6  
  98  8:24  Roach x2  
  112  8:30  Hatchery  
  112  8:33  Drone x5  
  109  8:47  Drone x3  
  112  8:53  Zerg Missile Weapons Level 2  
  112  8:58  Extractor, Overlord, Drone  
  112  8:59  Drone x2  
  114  9:03  Overlord  
  114  9:12  Queen  
  114  9:14  Roach x3  
  114  9:15  Roach  
  106  9:22  Roach x5  
  106  9:23  Roach  
  104  9:28  Roach  
  104  9:29  Overseer  
  106  9:33  Drone x2  
  106  9:34  Drone x2  
  106  9:36  Overlord  
  110  9:39  Roach x2  
  110  9:43  Pneumatized Carapace  
  114  9:49  Roach x3  
  120  9:56  Overlord  
  120  10:00  Roach x4  
  120  10:02  Overseer  
  132  10:07  Roach x3  
  132  10:11  Tunneling Claws  
  132  10:12  Burrow  
  134  10:17  Roach  
  134  10:18  Roach x2  
  140  10:23  Roach x2  
  140  10:25  Overlord x2  
  140  10:27  Overlord  
  144  10:44  Roach x6  
  144  10:45  Roach x2  
  144  10:46  Overlord x2  
  160  11:03  Roach x4  
  168  11:05  Overlord  
  168  11:06  Roach x4  
  168  11:07  Roach x3  
  182  11:20  Overlord x3  
  182  11:23  Zerg Ground Armor Level 1  
  182  11:32  Roach  
  186  11:33  Roach x6  
  186  11:37  Roach x3  
  186  11:38  Roach  
  180  11:46  Roach x6  
  186  11:52  Roach x4  
  192  12:00  Overlord  
  198  12:01  Roach x3  
  198  12:07  Roach x8  
  192  12:10  Roach x3  
  192  12:15  Roach x7  
  198  12:24  Hydralisk Den, Roach  
  198  12:26  Extractor  
  194  12:38  Roach  
  194  12:39  Roach x9  
  194  12:42  Roach x2  
  156  12:48  Roach  
  156  12:49  Roach x24  
  150  12:54  Roach x2  
  144  13:01  Extractor  
  144  13:05  Roach x4  
  147  13:19  Roach x3  
  157  13:20  Roach x3  
  157  13:21  Roach x14  
  141  13:29  Hydralisk x7  
  141  13:30  Hydralisk  
  141  13:31  Roach x6  
  137  13:43  Hydralisk x4  
  137  13:46  Lurker Den  
  137  13:47  Drone x3  
  147  14:00  Roach x4  
  155  14:09  Roach x6  
  156  14:10  Roach x3  
  156  14:13  Roach  
  156  14:23  Roach x2  
  154  14:24  Overlord x2  
  154  14:28  Roach x11  
  146  14:32  Roach  
  146  14:33  Roach  
  146  14:37  Roach x2  
  144  14:43  Roach x2  
  144  14:44  Roach x3  
  138  14:46  Roach x3  
  118  14:54  Roach x2  
  118  14:55  Roach x3  
  102  15:00  Roach  
  100  15:10  Roach x2  
  55  15:30  Roach x2  
Tags
 
Add a new tag
Caveats
  • Supply blocks, unpowered buildings, or Contaminate may cause inaccurate times.
  • Supply counts are checked every 10 seconds.